 Dungeon Crawl Stone Soup version 0.32-a0-818-gb728d0252e (webtiles) character file.

Game seed: 3806930067992127555

1498 Goblin1989 the Chopper (level 8, 0/91 HPs)
             Began as a Demonspawn Reaver on Mar 24, 2024.
             Was a Follower of Trog.
             Succumbed to Blork the orc's poison
             ... on level 6 of the Dungeon.
             The game lasted 00:09:21 (4586 turns).

Goblin1989 the Chopper (Demonspawn Reaver)          Turns: 4586, Time: 00:09:22

Health: 0/91       AC: 10    Str: 16    XL:     8   Next: 52%
Magic:  2/11       EV:  7    Int: 13    God:    Trog [*.....]
Gold:   167        SH:  0    Dex: 11    Spells: 10/11 levels left

rFire   . . .        i - +5 woodcutter's axe
rCold   . . .        (shield currently unavailable)
rNeg    . . .        j - +0 chain mail
rPois   .            (no helmet)
rElec   .            (no cloak)
rCorr   .            l - +0 pair of gloves
SInv    .            (no boots)
Will    ++...        (no amulet) Stlth
                     (no ring)
HPRegen 1.35/turn    (no ring)
MPRegen 0.24/turn

%: guardian spirit
@: berserking, lethally poisoned (0 -> -4), strong-willed, regenerating,
wreathed by umbra, very quick
A: magic shield, magic regeneration, foul shadow 1
a: Renounce Religion, Berserk


You were on level 6 of the Dungeon.
You worshipped Trog.
Trog was aware of your devotion.
You visited 1 branch of the dungeon, and saw 6 of its levels.

You collected 245 gold pieces.
You spent 78 gold pieces at shops.

Inventory:

Hand Weapons
 a - a +0 short sword
 i - the +5 woodcutter's axe (weapon)
   (You found it on level 3 of the Dungeon)
Missiles
 p - 3 throwing nets {!d , @Q1}
Armour
 b - a +0 leather armour
 j - a +0 chain mail (worn)
 l - a +0 pair of gloves (worn)
Jewellery
 h - an amulet of faith {!P}
Wands
 m - a wand of flame (12) {@v1}
Scrolls
 c - 2 scrolls of fear {unknown}
 d - 2 scrolls of enchant weapon {unknown}
 e - 3 scrolls of identify {@r1}
 o - 2 scrolls of silence {unknown}
 q - 2 scrolls of poison
 s - a scroll of blinking {unknown}
Potions
 f - a potion of lignification {unknown}
 g - a potion of heal wounds {unknown}
 k - 4 potions of curing {unknown}
 n - 2 potions of haste {unknown}
 r - a potion of brilliance {unknown}


   Skills:
 + Level 4.7 Fighting
 - Level 3.6 Short Blades
 * Level 6.0 Axes
 + Level 3.6 Armour
 + Level 4.2 Dodging
 - Level 1.7 Stealth
 - Level 2.0 Spellcasting
 - Level 3.0 Conjurations


You had 10 spell levels left.
You knew the following spells:

 Your Spells              Type           Power      Damage    Failure   Level
a - Kiss of Death         Conj/Necr      20%        2d7       85%         1

Your spell library contained the following spells:

 Spells                   Type           Power      Damage    Failure   Level
 Momentum Strike          Conj/Tloc      10%        3d8       94%         2
 Lesser Beckoning         Tloc           2%         N/A       99%         2
 Hailstorm                Conj/Ice       5%         3d5       99%         3
 Gell's Gravitas          Tloc           1%         N/A       100%        3
 Teleport Other           Tloc           1%         N/A       100%        3


Dungeon Overview and Level Annotations

Branches:
Dungeon (6/15) Zot: 26743  Temple (0/1) D:5

Altars:
Trog
Uskayaw
Beogh

Shops:
D:4 (   D:5 *

Annotations:
D:5 3 runed translucent doors, Nilihum's ghost, novice DEAl
D:6 Blork the orc; Sigmund


Innate Abilities, Weirdness & Mutations

When hurt, damage is shared between your health and your magic reserves.
You regenerate magic rapidly.
You are faintly shadowed, very rarely releasing foul flame when damaged in melee.


Message History

A centaur comes into view.
The wight hits you but does no damage.
You take 4 damage, and have 57/61 hp.
You now have 10/11 mp.
The centaur shouts!
You slash the wight!
The wight is almost destroyed.
The centaur wields a +0 orcbow.
The centaur shoots an arrow.
The arrow hits you.
The gnoll sergeant hits you from afar with a +0 trident!
The wight hits you with a +0 long sword.
You feel drained.
You hit the wight.
You destroy the wight!
Trog accepts your kill.
The centaur shoots an arrow.
The arrow hits you.
Blork the orc casts a spell.
Blork the orc seems to speed up.
A sky beast comes into view.
The gnoll sergeant hits you from afar with a +0 trident.
Your life force feels restored.
A water moccasin comes into view.
An iguana comes into view.
The gnoll sergeant hits you with a +0 trident!
Things that are here:
a +0 long sword; a +0 scale mail You are too injured to fight recklessly!
You are too injured to fight recklessly!
You are too injured to fight recklessly!
You are too injured to fight recklessly!
You take 24 damage, and have 33/61 hp.
MASSIVE DAMAGE!!
You now have 4/11 mp.
You are too injured to fight recklessly!
You are too injured to fight recklessly!
You are too injured to fight recklessly!
You are too injured to fight recklessly!
You are too injured to fight recklessly!
You are too injured to fight recklessly!
You are too injured to fight recklessly!
You are too injured to fight recklessly!
You are too injured to fight recklessly!
You are too injured to fight recklessly!
You are too injured to fight recklessly!
You are too injured to fight recklessly!
You are too injured to fight recklessly!
You are too injured to fight recklessly!
You are too injured to fight recklessly!
You are too injured to fight recklessly!
You are too injured to fight recklessly!
You are too injured to fight recklessly!
You are too injured to fight recklessly!
You are too injured to fight recklessly!
You are too injured to fight recklessly!
You are too injured to fight recklessly!
You are too injured to fight recklessly!
You are too injured to fight recklessly!
Your skin crawls.
You feel strong-willed.
The water moccasin hisses angrily.
The iguana hisses angrily.
The centaur shoots an arrow.
The arrow hits you but does no damage. Blork the orc closely misses you.
The gnoll sergeant hits you but does no damage.
A red film seems to cover your vision as you go berserk!
You feel yourself moving faster!
You feel mighty!
You can no longer call upon Trog for regeneration and willpower.
The centaur shoots an arrow.
The arrow hits you.
Blork the orc hits you from afar with a +1 trident of venom!
You are poisoned.
The centaur shoots an arrow.
The arrow hits you. The gnoll sergeant barely misses you.
You now have 41/91 hp.
The gnoll sergeant blocks your attack.
You feel very sick. Blork the orc barely misses you.
The centaur shoots an arrow.
The arrow barely misses you.
Blork the orc hits you from afar with a +1 trident of venom.
* * * LOW HITPOINT WARNING * * *
The gnoll sergeant hits you with a +0 trident!
* * * LOW HITPOINT WARNING * * *
You take 17 damage, and have 24/91 hp.
You now have 3/11 mp.
You slice the gnoll sergeant!!
The gnoll sergeant is almost dead.
You feel sick.
The centaur shoots an arrow.
The arrow hits you!
* * * LOW HITPOINT WARNING * * *
Blork the orc hits you but does no damage.
You are more poisoned.
The centaur shoots an arrow.
The arrow hits you!
* * * LOW HITPOINT WARNING * * *
The gnoll sergeant hits you with a +0 trident.
* * * LOW HITPOINT WARNING * * *
You take 20 damage, and have 4/91 hp.
MASSIVE DAMAGE!!
You now have 1/11 mp.
You hit the gnoll sergeant.
You kill the gnoll sergeant!
Trog accepts your kill.
* * * LOW HITPOINT WARNING * * *
You feel very sick. Blork the orc barely misses you.
The centaur shoots an arrow.
The arrow barely misses you. Blork the orc barely misses you.
Your Axes skill increases to level 6!
You take 3 damage, and have 1/91 hp.
Sigmund the Dreaded comes into view.
He is wielding a +0 scythe.
Found a jewelled double sword.
You die...

.... ... █████... █
...... █.█ ██...... ..█
>█...... Y.█ ........
███.. ███.
..███.█████████... .....
...██.██....██Yc██.....@
.█..█.██....██..@oS.█
███...██.......)██l.█)█.
██.)......../.█ .███.
█))......█████ ..
█)...███>)... .. █....█


██████ .█ █....█ █ █....█ █....█ You could see Blork the orc (fast), a water
moccasin, a sky beast, Sigmund (wandering), a centaur and an iguana.

Vanquished Creatures
  A hornet (D:6)
  A black bear (D:5)
  An ice beast (D:5)
  A kobold brigand (D:4)
  A gnoll sergeant (D:6)
  3 scorpions
  6 wights
  A bombardier beetle (D:6)
  A hound (D:5)
  3 jellies
  An orc priest (D:5)
  A sleepcap (D:4)
  Ijyb (D:4)
  2 iguanas (D:5)
  2 orc wizards
  3 gnolls (D:4)
  3 adders
  A white imp (D:6)
  2 dart slugs (D:2)
  2 ribbon worms
  18 orcs
  4 ball pythons
  5 endoplasms
  3 giant cockroaches
  13 goblins
  8 hobgoblins
  4 kobolds (D:4)
  A quokka (D:1)
  2 bats (D:2)
  5 frilled lizards
  4 rats
104 creatures vanquished.

Notes
Turn   | Place    | Note
-------+----------+-------------------------------------------
     0 | D:1      | Goblin1989 the Demonspawn Reaver began the quest for the
                  | Orb.
     0 | D:1      | Reached XP level 1. HP: 16/16 MP: 3/3
   711 | D:2      | Gained mutation: You regenerate magic rapidly. [demonic
                  | ancestry]
   711 | D:2      | Reached XP level 2. HP: 22/22 MP: 5/5
  1061 | D:2      | Reached skill level 1 in Stealth
  1297 | D:2      | HP: 1/22 [ribbon worm (2)]
  1299 | D:2      | Reached XP level 3. HP: 2/24 MP: 4/6
  1635 | D:3      | Found the +5 woodcutter's axe
  2030 | D:3      | Reached skill level 1 in Axes
  2030 | D:3      | Reached XP level 4. HP: 20/33 MP: 7/7
  2187 | D:3      | Reached skill level 2 in Axes
  2252 | D:3      | Found a hide-covered altar of Uskayaw.
  2252 | D:3      | Found a bloodstained altar of Trog.
  2403 | D:3      | Became a worshipper of Trog the Wrathful
  2431 | D:4      | Found Nahaplaf's Antique Weapon Boutique.
  2558 | D:4      | Noticed Ijyb
  2564 | D:4      | Killed Ijyb
  2686 | D:4      | Reached XP level 5. HP: 13/38 MP: 8/8
  2709 | D:5      | Entered Level 5 of the Dungeon
  2981 | D:4      | Reached skill level 1 in Armour
  2993 | D:4      | Reached skill level 3 in Axes
  3334 | D:4      | Gained mutation: You are faintly shadowed, very rarely
                  | releasing foul flame when damaged in melee. [demonic
                  | ancestry]
  3334 | D:4      | Reached XP level 6. HP: 46/46 MP: 9/9
  3525 | D:5      | Noticed an ice beast
  3532 | D:5      | Reached * piety under Trog
  3546 | D:5      | Killed an ice beast
  3547 | D:5      | Reached skill level 4 in Axes
  3547 | D:5      | Gained mutation: When hurt, damage is shared between your
                  | health and your magic reserves. [demonic ancestry]
  3547 | D:5      | Reached XP level 7. HP: 18/52 MP: 10/10
  3723 | D:5      | Reached skill level 5 in Axes
  3885 | D:5      | Reached XP level 8. HP: 60/60 MP: 11/11
  3891 | D:5      | Found Yrouzir's General Store.
  3948 | D:5      | Bought a scroll of identify for 26 gold pieces
  3948 | D:5      | Bought a scroll of poison for 52 gold pieces
  4069 | D:5      | Found a runed translucent gate.
  4070 | D:5      | Found a runed translucent gate.
  4070 | D:5      | Noticed Nilihum's ghost (novice DEAl)
  4071 | D:5      | Found a runed translucent gate.
  4111 | D:5      | Found a staircase to the Ecumenical Temple.
  4281 | D:5      | Found a roughly hewn altar of Beogh.
  4382 | D:6      | Noticed a hornet
  4389 | D:6      | Killed a hornet
  4556 | D:6      | Reached ** piety under Trog
  4576 | D:6      | Noticed Blork the orc
  4584 | D:6      | HP: 4/91 [gnoll sergeant/+0 trident (1)]
  4585 | D:6      | HP: 1/91 [poisoned by Blork the orc]
  4586 | D:6      | Reached skill level 6 in Axes
  4586 | D:6      | Noticed Sigmund
  4586 | D:6      | Succumbed to Blork the orc's poison

Illustrated notes

Levels and vault maps discovered:
D:1:      roadster_arrival_rocket_small, layout_loops_cross
D:2:      layout_basic, minmay_goblin_kobold_house
D:3:      layout_rooms, gammafunk_temple_overflow_elements,
          chequers_serial_rivers_marsh, nicolae_houndstooth_variations
D:4:      layout_loops_ring, serial_shops, shop, st_stairs_4,
          lexackson_kobold_supper, uniq_ijyb
D:5:      layout_rooms, minmay_temple_entry_wispy, serial_shops, shop,
          biasface_ghost_orc_armoury, kennysheep_nondescript
D:6:      layout_basic, amcnicky_altar_gilded, chequers_serial_rivers_large_b,
          sword_in_stone, uniq_maggie, uniq_sigmund

Skill      XL: |  1  2  3  4  5  6  7  8 |
---------------+-------------------------+-----
Short Blades   | 3 |  3.6
Stealth        | 1 |  1.7
Axes           | 1 2 3 4 5 6 |  6.0
Dodging        | 2 3 4 |  4.2
Armour         | 1 2 3 |  3.6
Fighting       | 3 4 |  4.7
Spellcasting   | |  2.0
Conjurations   | |  3.0

Action                     |  1- 3 |  4- 6 |  7- 9 || total
---------------------------+-------+-------+-------++-------
  Melee: Short sword       |   147 |       |       ||   147
         Battleaxe         |     6 |   118 |    68 ||   192
   Cast: Kiss of Death     |     1 |       |       ||     1
 Invoke: Berserk           |       |       |     1 ||     1
         Trog's Hand       |       |       |     1 ||     1
   Stab: Sleeping          |     1 |       |       ||     1
 Armour: Leather armour    |    83 |     4 |       ||    87
         Chain mail        |       |    80 |    63 ||   143
  Dodge: Dodged            |    76 |    46 |    46 ||   168

Table legend: (Time is in decaauts)
 A = Elapsed time spent in this place.
 B = Non-inter-level travel time spent in this place.
 C = Inter-level travel time spent in this place.
 D = Time resting spent in this place.
 E = Time spent auto-exploring this place.
 F = Levels seen in this place.
 G = Mean time per level.
                   A        B        C        D        E       F      G
               +--------+--------+--------+--------+--------+-----+--------+
         Total |   4566 |   4291 |    275 |    390 |   3161 |   6 |  761.0 |
       Dungeon |   4566 |   4291 |    275 |    390 |   3161 |   6 |  761.0 |
               +--------+--------+--------+--------+--------+-----+--------+

Top non-repeatable levels by time:
     D:4: 1237 daAuts
     D:3: 855 daAuts
     D:2: 834 daAuts
     D:1: 718 daAuts
     D:5: 663 daAuts
     D:6: 256 daAuts
